 Dungeon Crawl Stone Soup version 0.31.0-12-g77e489cdc1 (webtiles) character file.

Game seed: 14019995554514621910

135 Gadfly the Covered (level 4, 0/38 HPs)
             Began as an Armataur Fighter on Feb 28, 2024.
             Slain by a gnoll
             ... wielding a +0 spear
              (8 damage)
             ... on level 3 of the Dungeon.
             The game lasted 00:03:01 (2433 turns).

Gadfly the Covered (Armataur Fighter)               Turns: 2433, Time: 00:03:01

Health: 0/38       AC:  8    Str: 22    XL:     4   Next: 97%
Magic:  5/5        EV:  7    Int:  8    God:
Gold:   132        SH:  4    Dex: 11    Spells: 3/3 levels left

rFire   . . .        a - +0 morningstar
rCold   . . .        c - +0 buckler
rNeg    . . .        b - +0 scale mail
rPois   .            l - +0 helmet
rElec   .            (no cloak)
rCorr   .            (no gloves)
SInv    .            (no barding)
Will    .....        j - amulet of the acrobat Stlth
                     (no ring)
HPRegen 0.26/turn    (no ring)
MPRegen 0.09/turn

%: acrobat, roll
@: no status effects
A: large, deformed body, tough skin 3, armoured tail, roll 1
a: no special abilities


You were on level 3 of the Dungeon.
You visited 1 branch of the dungeon, and saw 3 of its levels.

You collected 132 gold pieces.

Inventory:

Hand Weapons
 a - a +0 morningstar (weapon)
 h - a +0 flail
Armour
 b - a +0 scale mail (worn)
 c - a +0 buckler (worn)
 l - a +0 helmet (worn)
Jewellery
 j - an amulet of the acrobat (around neck)
Potions
 d - 2 potions of might
 e - 2 potions of curing
 f - a potion of attraction
 g - a potion of enlightenment
 i - a potion of invisibility {unknown}


   Skills:
 + Level 3.0 Fighting
 * Level 2.6 Maces & Flails
 + Level 4.3 Armour
 + Level 3.7 Shields
 * Level 1.8 Invocations
 * Level 1.9 Evocations


You had 3 spell levels left.
You didn't know any spells.
Your spell library contained the following spells:

 Spells                   Type           Power      Damage    Failure   Level
 Ensorcelled Hibernation  Hex/Ice        0%         N/A       90%         2
 Passwall                 Erth           0%         N/A       99%         3
 Swiftness                Air            0%         N/A       99%         3


Dungeon Overview and Level Annotations

Branches:
Dungeon (3/15)

Altars:
Makhleb
Okawaru
Ru
Uskayaw
Yredelemnul


Innate Abilities, Weirdness & Mutations

Armour fits poorly on your strangely shaped body.
You have extremely tough skin. (AC +3)
You have a long armoured tail.
You regenerate magic when rolling toward enemies. (Rampage MPRegen)


Message History

You are too injured to fight recklessly!
You are too injured to fight recklessly!
You are too injured to fight recklessly!
You are too injured to fight recklessly!
You are too injured to fight recklessly!
Unknown command.
You closely miss the gnoll.
The gnoll is lightly wounded.
The gnoll completely misses you. The gnoll hits you but does no damage.
The gnoll barely misses you. The gnoll hits you with a +0 club.
The gnoll hits you from afar with a +0 spear.
The gnoll barely misses you.
You hit the gnoll.
The gnoll is moderately wounded.
The gnoll barely misses you. The gnoll hits you with a +0 club.
* * * LOW HITPOINT WARNING * * *
The gnoll hits you but does no damage.
Unknown command.
You hit the gnoll but do no damage. You tail-slap the gnoll!
You kill the gnoll!
The gnoll barely misses you. The gnoll hits you but does no damage.
You hit the gnoll.
The gnoll is moderately wounded.
The gnoll hits you with a +0 club.
* * * LOW HITPOINT WARNING * * *
The gnoll hits you from afar with a +0 spear.
* * * LOW HITPOINT WARNING * * *
The gnoll hits you from afar with a +0 spear.
* * * LOW HITPOINT WARNING * * *
You block the gnoll's attack.
You feel better.
The gnoll hits you but does no damage. x2
You barely miss the gnoll.
The gnoll is moderately wounded.
The gnoll closely misses you. The gnoll hits you with a +0 club.
* * * LOW HITPOINT WARNING * * *
You closely miss the gnoll. You tail-slap the gnoll!
You kill the gnoll!
You block the gnoll's attack.
The gnoll hits you from afar with a +0 spear!
You die...

..#.......# #.# .#
..+.......## .# .#
..#........# .# .#
..#...####.#### .# ..#
###...#.†.†.††# .#...#
##.##.......###'#...##
#.##.......#..........
####......_.........# #.
..#####....†..#.@).$#
#.. #.#
#.......#.)$..### #.###
#+#####....†.†###g......
...# .....#####.####
.####^####.## .....# #.#
##.#.......#..####
.....# ..#
#..#.......#.....#
.....# #.#
#..#.......#.###.(
[....#
#.######..#..._.....#
##. #.####
..........#.......#.# #.


You could see a gnoll.

Vanquished Creatures
  A bombardier beetle (D:3)
  Jessica (D:2)
  3 gnolls (D:3)
  A dart slug (D:1)
  A ribbon worm (D:2)
  3 orcs (D:3)
  2 bats
  9 endoplasms
  2 giant cockroaches
  A goblin (D:2)
  7 hobgoblins
  5 jackals (D:3)
  2 quokkas (D:1)
  A ball python (D:1)
  4 frilled lizards
  4 kobolds
  3 rats
50 creatures vanquished.

Notes
Turn   | Place    | Note
-------+----------+-------------------------------------------
     0 | D:1      | Gadfly the Armataur Fighter began the quest for the Orb.
     0 | D:1      | Reached XP level 1. HP: 18/18 MP: 1/1
   512 | D:1      | Reached XP level 2. HP: 25/25 MP: 2/2
  1010 | D:2      | Reached skill level 1 in Evocations
  1087 | D:2      | Reached XP level 3. HP: 30/30 MP: 3/3
  1168 | D:2      | Noticed Jessica
  1171 | D:2      | Killed Jessica
  1172 | D:2      | Reached skill level 4 in Armour
  1172 | D:2      | Reached skill level 1 in Invocations
  1848 | D:3      | Reached XP level 4. HP: 38/38 MP: 3/5
  1912 | D:3      | Found a faded altar of an unknown god.
  2032 | D:3      | Found a basalt altar of Yredelemnul.
  2062 | D:3      | Found a burning altar of Makhleb.
  2167 | D:3      | Found an iron altar of Okawaru.
  2238 | D:3      | Found a sacrificial altar of Ru.
  2389 | D:3      | Found a hide-covered altar of Uskayaw.
  2430 | D:3      | HP: 1/38 [gnoll/+0 spear (4)]
  2433 | D:3      | Slain by a gnoll

Illustrated notes

Levels and vault maps discovered:
D:1:      shiori_arrival_oz, layout_basic, minmay_misc_feat_columns
D:2:      layout_basic, uniq_jessica
D:3:      kennysheep_goblin_castle, layout_basic,
          nicolae_uskayaw_murder_on_the_dancefloor, general_overflow_altar,
          bloody_makhleb, old_standard_altar, lemuel_tele_altar,
          shapermc_ecumenical_altar_acropolis

Skill      XL: |  1  2  3 |
---------------+----------+-----
Maces & Flails | 2 |  2.6
Evocations     | 1 |  1.9
Armour         | 4 |  4.3
Invocations    | 1 |  1.8
Fighting       | 3 |  3.0
Shields        | |  3.7

Action                     |  1- 3 |  4- 6 || total
---------------------------+-------+-------++-------
  Melee: Flail             |    89 |     6 ||    95
         Tailslap          |    12 |     7 ||    19
         Morningstar       |       |    43 ||    43
    Use: Scroll            |     2 |     1 ||     3
         Potion            |     1 |     1 ||     2
 Armour: Scale mail        |    50 |    55 ||   105
  Dodge: Dodged            |    21 |    39 ||    60
  Block: Buckler           |    14 |    20 ||    34
